 Dungeon Crawl Stone Soup version 0.31.0-1-g2c135a0 (webtiles) character file.

Game seed: 551638324903133732

751 edsrzf the Slasher (level 7, 0/56 HPs)
             Began as a Demigod Delver on Feb 4, 2024.
             Slain by a gnoll
             ... wielding a +0 halberd of venom
             ... led by a gnoll sergeant
              (10 damage)
             ... on level 5 of the Dungeon.
             The game lasted 00:12:21 (4556 turns).

edsrzf the Slasher (Demigod Delver)                 Turns: 4556, Time: 00:12:21

Health: 0/56       AC:  3    Str: 17    XL:     7   Next: 24%
Magic:  9/9        EV: 12    Int: 16    God:
Gold:   224        SH:  0    Dex: 15    Spells: 6/6 levels left

rFire   . . .        a - +0 falchion
rCold   . . .        (no shield)
rNeg    . . .        b - +0 leather armour
rPois   .            (no helmet)
rElec   .            (no cloak)
rCorr   .            (no gloves)
SInv    .            (no boots)
Will    .....        (no amulet)
Stlth   +++          l - ring of flight
HPRegen 0.29/turn    (no ring)
MPRegen 0.11/turn

%: no passive effects
@: lethally poisoned (0 -> -14), on berserk cooldown, flying, slowed, very slow
A: high MP 1, forlorn, divine attributes
a: no special abilities


You were on level 5 of the Dungeon.
You visited 1 branch of the dungeon, and saw 5 of its levels.

You collected 224 gold pieces.

Inventory:

Hand Weapons
 a - a +0 falchion (weapon)
 y - a +0 dagger of draining
Missiles
 o - 3 atropa-tipped darts (quivered)
Armour
 b - a +0 leather armour (worn)
 q - the +6 plate armour of Tiuwoem {rElec rN+ Will+ Dex-4}
   (You found it on level 2 of the Dungeon)

   Dex-4:     It affects your dexterity (-4).
   rElec:     It insulates you from electricity.
   rN+:       It protects you from negative energy.
   Will+:     It increases your willpower.
Jewellery
 l - a ring of flight (left hand)
 r - a ring of fire
Wands
 g - a wand of digging (3)
Scrolls
 c - 3 scrolls of fog
 f - 2 scrolls of vulnerability {unknown}
 h - 4 scrolls of revelation
 i - 3 scrolls of summoning {unknown}
 j - 3 scrolls of identify {@r1}
 t - a scroll of blinking {unknown}
 v - a scroll of enchant weapon {unknown}
 w - a scroll of teleportation {unknown}
 x - a scroll of amnesia {unknown}
Potions
 d - 2 potions of haste
 k - a potion of might
 m - a potion of mutation {unknown}
 n - a potion of attraction {unknown}
 p - a potion of brilliance {unknown}
 z - a potion of resistance {unknown}


   Skills:
 - Level 2.6 Fighting
 + Level 7.6 Long Blades
 - Level 1.7 Dodging
 - Level 5.0 Stealth


You had 6 spell levels left.
You didn't know any spells.
Your spell library contained the following spells:

 Spells                   Type           Power      Damage    Failure   Level
 Ensorcelled Hibernation  Hex/Ice        0%         N/A       43%         2
 Fugue of the Fallen      Necr           0%         N/A       67%         3
 Anguish                  Hex/Necr       0%         N/A       97%         4


Dungeon Overview and Level Annotations

Branches:
Dungeon (5/15)             Temple (0/1) D:5

Annotations:
D:5 exclusion: gnoll


Innate Abilities, Weirdness & Mutations

You have an increased reservoir of magic. (+10% MP)
You shall have no god before yourself.
Your divine heritage dramatically boosts your attributes as you level up.


Message History

The dart slug barely misses you.
You barely miss the dart slug.
The dart slug is almost dead.
You hit the dart slug.
You kill the dart slug!
z - a metallic yellow potion
There is a stone staircase leading down here.
There is a stone staircase leading down here.
You reach down and open the door.
There is an open door here.
There is an open door here.
A gnoll comes into view. It is wielding a +0 halberd.
A gnoll comes into view. It is wielding a +0 spear.
The gnoll shouts!
You hear a shout! x2; The gnoll shouts!
Okay, then.
Unknown command.
Okay, then.
A gnoll sergeant comes into view. It is wielding a +0 trident.
Okay, then.
Aiming: Throw Flame
Press: ? - help, Shift-Dir - straight line, f - gnoll
Aim: a gnoll, wielding a +0 spear (72% to hit)
The puff of flame hits the gnoll.
The gnoll is moderately wounded.
Aiming: Throw Flame
Press: ? - help, Shift-Dir - straight line, f/p - gnoll
Aim: a gnoll, wielding a +0 spear (moderately wounded, 72% to hit)
The puff of flame hits the gnoll!
The gnoll is almost dead.
The gnoll shouts!
The now-empty wand crumbles to dust.
The gnoll hits you from afar with a +0 spear!
Aiming: Dig
Press: ? - help, Shift-Dir - straight line, f - you, p - gnoll Please select a direction to dig.
Okay, then.
Okay, then.
The gnoll attacks as it pursues you! The gnoll hits you but does no damage.
The gnoll attacks as it pursues you!
The gnoll hits you from afar with a +0 spear.
The gnoll hits you with a +0 spear! The gnoll sergeant barely misses you.
You barely miss the gnoll.
The gnoll is almost dead.
The gnoll hits you with a +0 spear. The gnoll sergeant closely misses you.
You hit the gnoll.
You kill the gnoll!
There are monsters nearby!
Okay, then.
Okay, then.
Okay, then.
The gnoll sergeant hits you with a +0 trident.
The gnoll barely misses you.
A red film seems to cover your vision as you go berserk!
You feel yourself moving faster!
You feel mighty!
The gnoll sergeant hits you with a +0 trident.
The gnoll hits you from afar with a +0 halberd!
You slash the gnoll sergeant!
The gnoll sergeant is moderately wounded.
The gnoll sergeant closely misses you.
You slash the gnoll sergeant!
The gnoll sergeant is almost dead.
The gnoll hits you from afar with a +0 halberd.
* * * LOW HITPOINT WARNING * * *
The gnoll sergeant hits you with a +0 trident!
* * * LOW HITPOINT WARNING * * *
You hit the gnoll sergeant.
You kill the gnoll sergeant!
The gnoll barely misses you.
Things that are here:
a +0 trident; a +0 scale mail You slash the gnoll!
The gnoll is almost dead.
You hear a shout!
The gnoll completely misses you.
You hit the gnoll.
You kill the gnoll!
The gnoll hits you from afar with a +0 halberd of venom.
* * * LOW HITPOINT WARNING * * *
You see here a +0 halberd.
You feel a strong urge to attack something.
You are no longer berserk.
You are exhausted.
You feel yourself slow down.
The gnoll hits you with a +0 halberd of venom.
* * * LOW HITPOINT WARNING * * *
Things that are here:
a +0 spear; a gnoll corpse You slash the gnoll!
The gnoll is severely wounded.
The gnoll misses you.
You feel much better.
The gnoll hits you with a +0 halberd of venom!
* * * LOW HITPOINT WARNING * * *
You are lethally poisoned!
You hit the gnoll but do no damage.
The gnoll is severely wounded.
* * * LOW HITPOINT WARNING * * *
You feel extremely sick.
The gnoll hits you with a +0 halberd of venom!
You die...

##############
#............# ###
#.##########.#############
#.. #.#
#..............######.#
#.#
##.###)####.##.........
#.# ### #)# #.#########..
#.# ########@# #.# #...
#.# #......g.# #.# #.##
#(# #.######## #.# #.# #.#
#.# #.# #.# #.##### #g#
#.# #.# ......###.# #.#
##.## ....g.g.g.#
#########.#######...#
..g##.###.#
#........#...........
#.........#
#.##.####.#######...#


You could see a gnoll.

Vanquished Creatures
  An ice beast (D:5)
  A centaur (D:4)
  An ogre (D:4)
  A gnoll sergeant (D:5)
  A killer bee (D:4)
  An orc priest (D:5)
  3 hounds
  2 jellies (D:5)
  An orc wizard (D:5)
  5 gnolls
  5 adders
  A ribbon worm (D:2)
  2 dart slugs
  5 orcs
  6 ball pythons
  8 endoplasms
  2 giant cockroaches
  6 goblins
  8 hobgoblins
  4 jackals
  11 kobolds
  4 quokkas
  10 bats
  8 frilled lizards
  3 rats
100 creatures vanquished.

Notes
Turn   | Place    | Note
-------+----------+-------------------------------------------
     0 | D:5      | edsrzf the Demigod Delver began the quest for the Orb.
     0 | D:5      | Reached XP level 1. HP: 18/18 MP: 3/3
     8 | D:4      | Noticed a hound
    30 | D:4      | Noticed an ogre
    46 | D:4      | Noticed an ogre
   132 | D:5      | Noticed an ice beast
   225 | D:3      | Reached skill level 2 in Long Blades
   266 | D:3      | Noticed a hound
   282 | D:3      | Noticed a golden eye
   285 | D:3      | Noticed a great orb of eyes
   286 | D:3      | Noticed a shining eye
   286 | D:3      | Noticed a golden eye
   333 | D:3      | Reached XP level 2. HP: 20/25 MP: 4/4
   567 | D:2      | Reached skill level 5 in Stealth
   605 | D:2      | Identified 2 potions of might
   606 | D:2      | Identified 2 potions of degeneration
   607 | D:2      | Identified a potion of curing
   609 | D:2      | Reached XP level 3. HP: 9/30 MP: 5/5
   792 | D:2      | Reached skill level 3 in Long Blades
  1309 | D:2      | Identified the +6 plate armour of Tiuwoem {rElec rN+ Will+
                  | Dex-4}
  1417 | D:1      | Reached XP level 4. HP: 28/37 MP: 6/6
  2095 | D:2      | Reached skill level 4 in Long Blades
  2762 | D:4      | Reached XP level 5. HP: 30/42 MP: 7/7
  2928 | D:4      | an ogre changed into a centaur
  2928 | D:4      | Noticed a centaur
  2937 | D:4      | Killed a centaur
  2938 | D:4      | Reached skill level 5 in Long Blades
  3052 | D:4      | Killed an ogre
  3053 | D:4      | Reached XP level 6. HP: 50/50 MP: 8/8
  3073 | D:4      | Reached skill level 6 in Long Blades
  3201 | D:4      | Identified the +3 spear of Pain and Death {flame, Will+
                  | Str+2 Stlth+}
  3613 | D:4      | Identified 4 scrolls of identify
  3613 | D:4      | Identified a potion of berserk rage
  3614 | D:4      | Identified a potion of heal wounds
  3954 | D:5      | Found a staircase to the Ecumenical Temple.
  4146 | D:5      | Reached skill level 7 in Long Blades
  4160 | D:5      | Reached XP level 7. HP: 17/56 MP: 9/9
  4553 | D:5      | HP: 2/56 [gnoll/+0 halberd of venom[a gnoll sergeant] (6)]
  4556 | D:5      | Slain by a gnoll

Illustrated notes

Levels and vault maps discovered:
D:1:      dpeg_arrival_rooms_b, layout_rooms, hex_tiny, lexackson_kobold_supper
D:2:      layout_basic, chequers_serial_rivers_room_a, eino_curves_02,
          nrook_mini_backslash, minmay_quantized
D:3:      layout_rooms, hellmonk_ecumenical_altar_watching_god,
          minmay_starry_boxes
D:4:      layout_basic, hellmonk_okawaru_the_only_friend_you_need
D:5:      layout_loops_ring, overflow_temple_1_default,
          minmay_temple_entry_waves, minivault_1, hangedman_decor_opposing

Skill      XL: |  1  2  3  4  5  6 |
---------------+-------------------+-----
Long Blades    | 2 3 4 5 7 |  7.6
Stealth        | 5 |  5.0
Fighting       | |  2.6
Dodging        | |  1.7

Action                     |  1- 3 |  4- 6 |  7- 9 || total
---------------------------+-------+-------+-------++-------
  Melee: Falchion          |   177 |   209 |    35 ||   421
         Punch             |     3 |     1 |       ||     4
  Throw: Dart              |       |     7 |       ||     7
  Evoke: Wand              |     2 |     7 |     4 ||    13
    Use: Scroll            |     2 |     4 |       ||     6
         Potion            |     4 |     4 |     3 ||    11
   Stab: Sleeping          |     8 |     5 |       ||    13
 Armour: Leather armour    |   104 |   123 |    23 ||   250
  Dodge: Dodged            |   111 |   127 |    18 ||   256
